 Dungeon Crawl Stone Soup version 0.30.1-4-g462c640d31 (webtiles) character file.

Game seed: 11614410249184129181

2093 Cheops the Jinx (level 9, 0/45 HPs)
             Began as a Deep Elf Conjurer on Aug 27, 2023.
             Was an Initiate of Vehumet.
             Succumbed to a killer bee's poison
             ... on level 7 of the Dungeon.
             The game lasted 00:19:09 (7111 turns).

Cheops the Jinx (Deep Elf Conjurer)                 Turns: 7111, Time: 00:19:10

Health: 0/45       AC:  7    Str:  4    XL:     9   Next: 7%
Magic:  1/21       EV: 12    Int: 28    God:    Vehumet [......]
Gold:   22         SH:  0    Dex: 19    Spells: 8/22 levels left

rFire   + . .        (no weapon)
rCold   . . .        (no shield)
rNeg    + . .        t - +0 leather armour
rPois   .            n - +2 helmet
rElec   +            (no cloak)
rCorr   .            s - +0 pair of gloves
SInv    .            (no boots)
Will    .....        o - amulet of the acrobat
Stlth   ++           A - +6 ring of dexterity
HPRegen 0.27/turn    D - ring of Cuidaos {rElec rF+ rN+}
MPRegen 0.17/turn

%: acrobat
@: lethally poisoned (0 -> -7)
A: no striking features
a: Renounce Religion


You were on level 7 of the Dungeon.
You worshipped Vehumet.
Vehumet was noncommittal.
You visited 2 branches of the dungeon, and saw 8 of its levels.

You collected 302 gold pieces.
You spent 280 gold pieces at shops.

Inventory:

Armour
 a - a +0 robe
 n - a +2 helmet (worn)
 s - a +0 pair of gloves (worn)
 t - a +0 leather armour (worn)
Magical Staves
 e - a staff of death
Jewellery
 o - an amulet of the acrobat (around neck)
 p - a ring of resist corrosion
 A - a +6 ring of dexterity (left hand)
 D - the ring of Cuidaos (right hand) {rElec rF+ rN+}
   (You found it on level 6 of the Dungeon)

   [ring of protection from fire]

   rF:        It protects you from fire.
   rElec:     It insulates you from electricity.
   rN:        It protects you from negative energy.
Wands
 z - a wand of quicksilver (8)
 B - a wand of flame (6)
Scrolls
 c - 3 scrolls of teleportation
 f - 2 scrolls of blinking {unknown}
 k - 4 scrolls of fog
 l - a scroll of torment
 m - a scroll of vulnerability {unknown}
 q - 4 scrolls of fear {unknown}
 v - 2 scrolls of magic mapping
 y - 3 scrolls of amnesia
 C - a scroll of acquirement {unknown}
Potions
 b - 2 potions of magic
 d - a potion of haste {unknown}
 g - a potion of might {unknown}
 h - 4 potions of brilliance {unknown}
 i - 2 potions of attraction {unknown}
 j - 3 potions of heal wounds {unknown}
 r - a potion of lignification
 u - 2 potions of berserk rage
 w - a potion of ambrosia
 x - a potion of flight


   Skills:
 - Level 2.4 Dodging
 - Level 2.4 Stealth
 - Level 7.1 Spellcasting
 * Level 7.9 Conjurations
 + Level 9.2 Hexes
 - Level 6.0 Translocations


You had 8 spell levels left.
You knew the following spells:

 Your Spells              Type           Power      Damage    Failure   Level
a - Magic Dart            Conj           100%       1d8       1%          1
b - Searing Ray           Conj           100%       2d8       1%          2
d - Dazzling Flash        Conj/Hex       100%       N/A       1%          3
i - Iskenderun's Mystic   Conj/Tloc      48%        2d11      5%          4
p - Fulminant Prism       Conj/Hex       27%        3d13      2%          4

Your spell library contained the following spells:

 Spells                   Type           Power      Damage    Failure   Level


Dungeon Overview and Level Annotations

Branches:
Dungeon (7/15)             Temple (1/1) D:6

Altars:
Ashenzari
Cheibriados
Dithmenos
Elyvilon
Fedhas
Gozag
Hepliaklqana
Kikubaaqudgha
Makhleb
Nemelex Xobeh
Okawaru
Qazlal
Ru
Trog
Uskayaw
Vehumet
Wu Jian
Xom
Yredelemnul
Zin
The Shining One

Shops:
D:1 ?


Message History

Aiming: Fulminant Prism (dangerous; 3% risk of failure)
Press: ? - help, Dir - move target You conjure a prism of explosive energy!
A fulminant prism comes into view.
The killer bee stings you.
You are poisoned.
The killer bee poisons you! The killer bee stings you!
* * * LOW HITPOINT WARNING * * *
The killer bee completely misses you.
A wight comes into view. It is wielding a +3 dagger.
The killer bee stings you!
* * * LOW HITPOINT WARNING * * *
The killer bee completely misses you.
The killer bee stings you but does no damage.
Your fulminant prism explodes!
The blast of energy engulfs the killer bee!!
You kill the killer bee!
Vehumet accepts your kill. The blast of energy engulfs you!
* * * LOW HITPOINT WARNING * * *
The blast of energy engulfs the killer bee!!
You kill the killer bee!
Vehumet accepts your kill.
The blast of energy engulfs the killer bee!!
You kill the killer bee!
Vehumet accepts your kill.
Your fulminant prism crackles loudly.
You hear a shout! x2
An orc comes into view.
It is wielding a +0 club and quivering silver boomerangs.
Okay, then.
Okay, then.
Casting: Fulminant Prism (dangerous; 2% risk of failure)
Confirm with . or Enter, or press ? or * to list all spells.
You erupt in a blast of force!
The mystic blast hits the killer bee!!
You kill the killer bee!
Vehumet accepts your kill.
The mystic blast hits the killer bee!
You kill the killer bee!
Vehumet accepts your kill.
You die...

## #. #. ## #
#.####.#.# #
#.*.#.....
##.#.#....*....
.......†..o.z.o
#....@††#
........†.....>
..............z
...............
#..............
#.......#......
........#.###..
#.......... #.


You could see 2 wights, 2 orcs and 2 friendly fulminant prisms.

Vanquished Creatures
  Grinder (D:4)
  A wyvern (D:4)
  A black bear (D:5)
  An ice beast (D:5)
  4 ogres
  A centaur (D:6)
  2 phantoms
  3 bullfrogs
  4 wights (D:6)
  5 killer bees (D:7)
  A jelly (D:6)
  A gnoll bouda (D:6)
  2 hounds
  3 iguanas
  2 sleepcaps
  6 gnolls
  9 adders
  A shadow imp (D:6)
  2 ufetubi (D:5)
  2 dart slugs (D:2)
  8 orcs
  8 endoplasms
  6 giant cockroaches
  4 goblins
  7 hobgoblins
  9 jackals
  4 quokkas
  6 ball pythons
  11 bats
  4 frilled lizards
  4 kobolds
  5 rats
128 creatures vanquished.

Vanquished Creatures (others)
  4 fulminant prisms
4 creatures vanquished.

Grand Total: 132 creatures vanquished

Notes
Turn   | Place    | Note
-------+----------+-------------------------------------------
     0 | D:1      | Cheops the Deep Elf Conjurer began the quest for the Orb.
     0 | D:1      | Reached XP level 1. HP: 10/10 MP: 6/6
   223 | D:1      | Reached XP level 2. HP: 15/15 MP: 6/8
   242 | D:1      | Found Xufux's Magic Scroll Shoppe.
   573 | D:1      | Reached skill level 5 in Conjurations
   932 | D:1      | Bought a scroll of teleportation for 42 gold pieces
   932 | D:1      | Bought a scroll of identify for 28 gold pieces
   998 | D:2      | Reached XP level 3. HP: 12/19 MP: 4/10
  1046 | D:1      | Learned a level 2 spell: Searing Ray
  1050 | D:1      | Learned a level 3 spell: Dazzling Flash
  1351 | D:2      | Reached skill level 5 in Spellcasting
  1574 | D:2      | Reached XP level 4. HP: 24/24 MP: 10/13
  2058 | D:1      | Bought a scroll of fog for 56 gold pieces
  3000 | D:3      | Reached skill level 1 in Hexes
  3000 | D:3      | Reached XP level 5. HP: 28/28 MP: 10/14
  3038 | D:3      | Found a faded altar of an unknown god.
  3550 | D:4      | Reached skill level 2 in Hexes
  3592 | D:4      | Learned a level 4 spell: Fulminant Prism
  3597 | D:4      | Learned a level 4 spell: Iskenderun's Mystic Blast
  3619 | D:4      | Noticed an ogre
  3626 | D:4      | Killed an ogre
  3627 | D:4      | Reached skill level 4 in Hexes
  3748 | D:4      | Noticed a wyvern
  3822 | D:4      | Noticed Grinder
  3825 | D:4      | Paralysed by Grinder for 3 turns
  3828 | D:4      | Killed Grinder
  3829 | D:4      | Reached skill level 6 in Hexes
  3829 | D:4      | Reached XP level 6. HP: 32/32 MP: 8/15
  4303 | D:4      | Killed a wyvern
  4304 | D:4      | Reached skill level 7 in Hexes
  4304 | D:4      | Reached XP level 7. HP: 24/36 MP: 6/16
  4451 | D:1      | Bought a scroll of amnesia for 56 gold pieces
  4451 | D:1      | Bought a scroll of noise for 14 gold pieces
  4496 | D:5      | Entered Level 5 of the Dungeon
  4917 | D:5      | Reached XP level 8. HP: 41/41 MP: 9/17
  4924 | D:5      | Reached skill level 8 in Hexes
  5155 | D:5      | Reached skill level 5 in Translocations
  5563 | D:1      | Bought 2 scrolls of identify for 56 gold pieces
  5651 | D:6      | Found a staircase to the Ecumenical Temple.
  5807 | Temple   | Entered the Ecumenical Temple
  6288 | Temple   | Became a worshipper of Vehumet
  6439 | D:6      | Identified the ring of Cuidaos {rElec rF+ rN+}
  6791 | D:6      | Reached skill level 9 in Hexes
  6919 | D:1      | Bought a scroll of identify for 28 gold pieces
  7013 | D:6      | Reached XP level 9. HP: 39/45 MP: 7/21
  7110 | D:7      | HP: 2/45 [spore (17)]
  7111 | D:7      | Succumbed to a killer bee's poison

Illustrated notes

Levels and vault maps discovered:
D:1:      amcnicky_arrival_flooded_fountain, layout_rooms, serial_shops,
          nicolae_shop_pleasant_corner_grove
D:2:      layout_rooms, serial_aquarium, aquarium_bridge_square
          [aquarium_subvault_wall, aquarium_subvault_bridge,
          aquarium_subvault_wall, aquarium_subvault_bridge],
          aquarium_bridge_straight [aquarium_subvault_bridge,
          aquarium_subvault_wall, aquarium_subvault_bridge,
          aquarium_subvault_window], aquarium_window_fake,
          aquarium_window_corner, aquarium_view_2b, aquarium_pool_corner,
          eino_tiny_chamber, grunt_ministairs_7
D:3:      layout_basic, ebering_ecumenical_altar_mist, chequers_avenue, hex_tiny
D:4:      layout_cave_pools, minmay_distorted, uniq_grinder
D:5:      layout_basic, corexii_leaking_fountain, item_on_display_a
D:6:      layout_rooms, minmay_temple_entry_glass
D:7:      layout_cave_pools, st_stairs_1
Temple:   mainiacjoe_temple_trianglar_array

Skill      XL: |  1  2  3  4  5  6  7  8 |
---------------+-------------------------+-----
Conjurations   | 5 6 7 |  7.9
Spellcasting   | 4 5 7 |  7.1
Hexes          | 1 6 7 9 |  9.2
Translocations | 2 4 6 |  6.0
Dodging        | |  2.4
Stealth        | |  2.4

Action                     |  1- 3 |  4- 6 |  7- 9 || total
---------------------------+-------+-------+-------++-------
   Cast: Magic Dart        |    74 |    63 |    48 ||   185
         Searing Ray       |     1 |    17 |    31 ||    49
         Fulminant Prism   |       |       |     6 ||     6
         Iskenderun's Myst |       |       |     1 ||     1
    Use: Scroll            |       |       |     6 ||     6
 Armour: Robe              |     3 |       |       ||     3
         Leather armour    |       |     3 |    13 ||    16
  Dodge: Dodged            |     6 |     8 |    55 ||    69
